TOP OF THE 1ST |
Mile High Broncos batting - Pitching for Albuquerque Isotopes : RHP Juan Marín
|
Pitching: RHP Juan Marín
|
|
Batting: RHB Michael MacDonald
|
0-0: Ball 1-0: SINGLE (Line Drive, 6MD)
|
Batting: RHB Damian Yates
|
0-0: Foul Ball, location: 2F 0-1: SINGLE (Line Drive, 56D) Michael MacDonald to second
|
Batting: RHB Phil White
|
0-0: Ball 1-0: Called Strike 1-1: Ball 2-1: Ball 3-1: Base on Balls Michael MacDonald to third Damian Yates to second
|
Batting: LHB Diego González
|
0-0: Called Strike 0-1: Foul Ball, location: 2F 0-2: Foul Ball, location: 2F 0-2: Foul Ball, location: 2F 0-2: Ball 1-2: Ball 2-2: Strikes out swinging
|
Batting: RHB Juan Jose Guevana
|
0-0: Ball 1-0: Ball 2-0: Foul Ball, location: 2F 2-1: Called Strike 2-2: Fly out, F8 (Flyball, 8LD) Runner from 3rd tags up, SCORES, no throw
|
Batting: LHB Bill Houston
|
0-0: Ball 1-0: Fly out, F8 (Flyball, 8LD)
|
Top of the 1st over - 1 run(s), 2 hit(s), 0 error(s), 2 left on base; Mile High 1 - Albuquerque 0 |
BOTTOM OF THE 1ST |
Albuquerque Isotopes batting - Pitching for Mile High Broncos : RHP Bob Smith
|
Pitching: RHP Bob Smith
|
|
Batting: RHB José Bautista
|
0-0: Ball 1-0: Foul Ball, location: 2F 1-1: Foul Ball, location: 2F 1-2: Strikes out swinging
|
Batting: RHB Chris Terry
|
0-0: Called Strike 0-1: Ball 1-1: Foul Ball, location: 2F 1-2: Foul Ball, location: 2F 1-2: SINGLE (Line Drive, 6M)
|
Batting: LHB Manny Mejía
|
0-0: Ball 1-0: Called Strike 1-1: Ball 2-1: Foul Ball, location: 2F 2-2: Strikes out swinging
|
Batting: RHB Sze Qi
|
0-0: Ball 1-0: Called Strike 1-1: Foul Ball, location: 2F 1-2: Strikes out swinging
|
Bottom of the 1st over - 0 run(s), 1 hit(s), 0 error(s), 1 left on base; Mile High 1 - Albuquerque 0 |
TOP OF THE 2ND |
Mile High Broncos batting - Pitching for Albuquerque Isotopes : RHP Juan Marín
|
Batting: RHB António Martínez
|
0-0: Ball 1-0: Foul Ball, location: 2F 1-1: Ball 2-1: Ground out 4-3 (Groundball, 4)
|
Batting: RHB Juan Gonzáles
|
0-0: Called Strike 0-1: Foul Ball, location: 2F 0-2: Ground out 4-3 (Groundball, 4)
|
Batting: RHB Ximena Campos
|
0-0: Swinging Strike 0-1: Swinging Strike 0-2: Ball 1-2: Strikes out swinging
|
Top of the 2nd over - 0 run(s), 0 hit(s), 0 error(s), 0 left on base; Mile High 1 - Albuquerque 0 |
BOTTOM OF THE 2ND |
Albuquerque Isotopes batting - Pitching for Mile High Broncos : RHP Bob Smith
|
Batting: RHB Edward Young
|
0-0: Ball 1-0: Ground out 5-3 (Groundball, 5)
|
Batting: LHB Mark Vestal
|
0-0: Swinging Strike 0-1: Ball 1-1: Ball 2-1: SOLO HOME RUN (Flyball, 9D), Distance : 365 ft
|
Batting: LHB Pedro Vega
|
0-0: Ball 1-0: Swinging Strike 1-1: Foul Ball, location: 2F 1-2: Ground out U3 (Groundball, 3)
|
Batting: SHB José Sosa
|
0-0: Ball 1-0: Ball 2-0: Fly out, F3 (Line Drive, 34S)
|
Bottom of the 2nd over - 1 run(s), 1 hit(s), 0 error(s), 0 left on base; Mile High 1 - Albuquerque 1 |
TOP OF THE 3RD |
Mile High Broncos batting - Pitching for Albuquerque Isotopes : RHP Juan Marín
|
Batting: RHB Michael MacDonald
|
0-0: Ball 1-0: Called Strike 1-1: Ball 2-1: Swinging Strike 2-2: Strikes out swinging
|
Batting: RHB Damian Yates
|
0-0: Ball 1-0: Ball 2-0: Swinging Strike 2-1: SINGLE (Groundball, 4MD) (infield hit)
|
Batting: RHB Phil White
|
0-0: Called Strike 0-1: Ball 1-1: Foul Ball, location: 2F 1-2: Ball 2-2: Strikes out swinging
|
Batting: LHB Diego González
|
0-0: Called Strike 0-1: Swinging Strike 0-2: Ball 1-2: Strikes out swinging
|
Top of the 3rd over - 0 run(s), 1 hit(s), 0 error(s), 1 left on base; Mile High 1 - Albuquerque 1 |
BOTTOM OF THE 3RD |
Albuquerque Isotopes batting - Pitching for Mile High Broncos : RHP Bob Smith
|
Batting: RHB Luis Martínez
|
0-0: Called Strike 0-1: Hit by Pitch
|
Batting: RHB José Bautista
|
0-0: Ball 1-0: Swinging Strike 1-1: Called Strike 1-2: Foul Ball, location: 2F 1-2: Ball 2-2: Strikes out looking
|
Batting: RHB Chris Terry
|
0-0: Ball 1-0: Called Strike 1-1: Ball 2-1: Foul Ball, location: 2F 2-2: Ball 3-2: Base on Balls Luis Martínez to second
|
Batting: LHB Manny Mejía
|
0-0: Ball 1-0: Ball 2-0: Ball 3-0: Base on Balls Luis Martínez to third Chris Terry to second
|
Batting: RHB Sze Qi
|
0-0: Swinging Strike 0-1: Ball 1-1: Called Strike 1-2: SINGLE (Line Drive, 6MD) Luis Martínez scores Chris Terry to third Manny Mejía to second
|
Batting: RHB Edward Young
|
0-0: Ball 1-0: Called Strike 1-1: Swinging Strike 1-2: Ball 2-2: Strikes out swinging
|
Batting: LHB Mark Vestal
|
0-0: DOUBLE (Line Drive, 9D) Chris Terry scores Manny Mejía scores Sze Qi to third Runner from 3rd tries for Home, SAFE, throw made home
|
Batting: LHB Pedro Vega
|
0-0: Swinging Strike 0-1: Foul Ball, location: 2F 0-2: Foul Ball, location: 2F 0-2: Ball 1-2: Ground out 3-1 (Groundball, 34)
|
Bottom of the 3rd over - 4 run(s), 2 hit(s), 0 error(s), 1 left on base; Mile High 1 - Albuquerque 5 |
TOP OF THE 4TH |
Mile High Broncos batting - Pitching for Albuquerque Isotopes : RHP Juan Marín
|
Batting: RHB Juan Jose Guevana
|
0-0: Ball 1-0: Ball 2-0: Foul Ball, location: 2F 2-1: Ball 3-1: Base on Balls
|
Batting: LHB Bill Houston
|
0-0: Ball 1-0: Foul Ball, location: 2F 1-1: Ball 2-1: Foul Ball, location: 2F 2-2: Ball 3-2: Base on Balls Juan Jose Guevana to second
|
Batting: RHB António Martínez
|
0-0: Ball 1-0: Called Strike 1-1: DOUBLE (Line Drive, 7D) Juan Jose Guevana scores Bill Houston to third
|
Batting: RHB Juan Gonzáles
|
0-0: Called Strike 0-1: Ball 1-1: Swinging Strike 1-2: Strikes out swinging
|
Batting: RHB Ximena Campos
|
0-0: Ball 1-0: Ball 2-0: Ball 3-0: Called Strike 3-1: Foul Ball, location: 2F 3-2: Foul Ball, location: 2F 3-2: Ground out 6-3 (Groundball, 56) Bill Houston scores
|
Batting: RHB Michael MacDonald
|
0-0: Ball 1-0: Called Strike 1-1: Called Strike 1-2: Fly out, F9 (Flyball, 9M)
|
Top of the 4th over - 2 run(s), 1 hit(s), 0 error(s), 1 left on base; Mile High 3 - Albuquerque 5 |
BOTTOM OF THE 4TH |
Albuquerque Isotopes batting - Pitching for Mile High Broncos : RHP Bob Smith
|
Batting: SHB José Sosa
|
0-0: Ball 1-0: Called Strike 1-1: Swinging Strike 1-2: Strikes out looking
|
Batting: RHB Luis Martínez
|
0-0: Called Strike 0-1: Ball 1-1: Ball 2-1: Ball 3-1: Ground out 6-3 (Groundball, 6M)
|
Batting: RHB José Bautista
|
0-0: Ball 1-0: Ball 2-0: Foul Ball, location: 2F 2-1: Fly out, F6 (Popup, 6D)
|
Bottom of the 4th over - 0 run(s), 0 hit(s), 0 error(s), 0 left on base; Mile High 3 - Albuquerque 5 |
TOP OF THE 5TH |
Mile High Broncos batting - Pitching for Albuquerque Isotopes : RHP Juan Marín
|
Pitching: RHP Pepe Hernández
|
|
Batting: RHB Damian Yates
|
0-0: Called Strike 0-1: Ground out 6-3 (Groundball, 6)
|
Batting: RHB Phil White
|
0-0: Called Strike 0-1: Ball 1-1: Foul Ball, location: 2F 1-2: Ground out 5-3 (Groundball, 5)
|
Batting: LHB Diego González
|
0-0: Ball 1-0: Ball 2-0: Ball 3-0: Base on Balls
|
Batting: RHB Juan Jose Guevana
|
0-0: Ball 1-0: Called Strike 1-1: Ball Diego González steals 2nd base 2-1: SINGLE (Groundball, 6) (infield hit) Diego González to third
|
Batting: LHB Bill Houston
|
0-0: Ball 1-0: Ball 2-0: Foul Ball, location: 2F 2-1: Swinging Strike 2-2: DOUBLE (Groundball, 3L) Diego González scores Juan Jose Guevana to third Runner from 3rd tries for Home, SAFE, no throw or cutoff
|
Batting: RHB António Martínez
|
0-0: Foul Ball, location: 2F 0-1: Ball 1-1: Ball 2-1: Ground out 6-3 (Groundball, 6)
|
Top of the 5th over - 2 run(s), 2 hit(s), 0 error(s), 1 left on base; Mile High 5 - Albuquerque 5 |
BOTTOM OF THE 5TH |
Albuquerque Isotopes batting - Pitching for Mile High Broncos : RHP Bob Smith
|
Batting: RHB Chris Terry
|
0-0: Ball 1-0: Ball 2-0: Called Strike 2-1: Foul Ball, location: 2F 2-2: Ball 3-2: SINGLE (Flyball, 9S)
|
Pitching: RHP Myoung-chul Im
|
|
Batting: LHB Manny Mejía
|
0-0: Ball 1-0: Called Strike 1-1: Ground out U3 (Groundball, 3S) Chris Terry to second
|
Batting: RHB Sze Qi
|
0-0: Ball 1-0: DOUBLE (Line Drive, 5D) Chris Terry scores
|
Batting: RHB Edward Young
|
0-0: Ball 1-0: Ball 2-0: Foul Ball, location: 2F 2-1: Swinging Strike 2-2: Ball 3-2: Ground out 6-3 (Groundball, 6M) Sze Qi to third
|
Batting: LHB Mark Vestal
|
0-0: Ground out 1-3 (Groundball, 23)
|
Bottom of the 5th over - 1 run(s), 2 hit(s), 0 error(s), 1 left on base; Mile High 5 - Albuquerque 6 |
TOP OF THE 6TH |
Mile High Broncos batting - Pitching for Albuquerque Isotopes : RHP Pepe Hernández
|
Batting: RHB Juan Gonzáles
|
0-0: Ball 1-0: Ball 2-0: Ball 3-0: Base on Balls
|
Batting: RHB Ximena Campos
|
0-0: Ball 1-0: Ball 2-0: Called Strike 2-1: SINGLE (Flyball, 78S) Juan Gonzáles to second
|
Batting: RHB Michael MacDonald
|
0-0: Ball 1-0: Foul Ball, location: 2F 1-1: Foul Ball, location: 2F 1-2: Grounds into double play, 6-4-3 (Groundball, 6) Juan Gonzáles to third
|
Batting: RHB Damian Yates
|
0-0: Foul Ball, location: 2F 0-1: Ball 1-1: Ball 2-1: Swinging Strike 2-2: Ball 3-2: Base on Balls
|
Batting: RHB Phil White
|
0-0: Called Strike 0-1: Foul Ball, location: 2F 0-2: 3-RUN HOME RUN (Flyball, 7D), Distance : 387 ft
|
Batting: LHB Diego González
|
0-0: Ball 1-0: Swinging Strike 1-1: Ball 2-1: Ground out U3 (Groundball, 3L)
|
Top of the 6th over - 3 run(s), 2 hit(s), 0 error(s), 0 left on base; Mile High 8 - Albuquerque 6 |
BOTTOM OF THE 6TH |
Albuquerque Isotopes batting - Pitching for Mile High Broncos : RHP Myoung-chul Im
|
Batting: LHB Pedro Vega
|
0-0: Called Strike 0-1: Ball 1-1: Ground out U3 (Groundball, 3S)
|
Batting: SHB José Sosa
|
0-0: Ball 1-0: Ball 2-0: Ball 3-0: Base on Balls
|
Batting: RHB Luis Martínez
|
0-0: Fly out, F5 (Line Drive, 56S)
|
Batting: RHB José Bautista
|
0-0: Called Strike 0-1: Fly out, F8 (Flyball, 8RM)
|
Bottom of the 6th over - 0 run(s), 0 hit(s), 0 error(s), 1 left on base; Mile High 8 - Albuquerque 6 |
TOP OF THE 7TH |
Mile High Broncos batting - Pitching for Albuquerque Isotopes : RHP Pepe Hernández
|
Pitching: RHP Jay Lloyd
|
|
Batting: RHB Juan Jose Guevana
|
0-0: Ground out 1-3 (Groundball, 15S)
|
Batting: LHB Bill Houston
|
0-0: Ball 1-0: SINGLE (Groundball, 34D)
|
Batting: RHB António Martínez
|
0-0: Ball 1-0: Grounds into double play, 1-4-3 (Groundball, 15S)
|
Top of the 7th over - 0 run(s), 1 hit(s), 0 error(s), 0 left on base; Mile High 8 - Albuquerque 6 |
BOTTOM OF THE 7TH |
Albuquerque Isotopes batting - Pitching for Mile High Broncos : RHP Myoung-chul Im
|
Pitching: RHP Dave Powers
|
|
Batting: RHB Chris Terry
|
0-0: Called Strike 0-1: Ball 1-1: Called Strike 1-2: Ball 2-2: Strikes out swinging
|
Batting: LHB Manny Mejía
|
0-0: Called Strike 0-1: Foul Ball, location: 2F 0-2: Ball 1-2: Ball 2-2: Strikes out swinging
|
Batting: RHB Sze Qi
|
0-0: Called Strike 0-1: Ball 1-1: Ball 2-1: Swinging Strike 2-2: Ball 3-2: Foul Ball, location: 2F 3-2: Strikes out looking
|
Bottom of the 7th over - 0 run(s), 0 hit(s), 0 error(s), 0 left on base; Mile High 8 - Albuquerque 6 |
TOP OF THE 8TH |
Mile High Broncos batting - Pitching for Albuquerque Isotopes : RHP Jay Lloyd
|
Batting: RHB Juan Gonzáles
|
0-0: Ball 1-0: Ball 2-0: SINGLE (Groundball, 3D)
|
Batting: RHB Ximena Campos
|
0-0: Called Strike 0-1: Ball 1-1: Called Strike 1-2: Fielders Choice at 2nd, 4-6 (Groundball, 4)
|
Batting: RHB Michael MacDonald
|
0-0: Foul Ball, location: 2F 0-1: SINGLE (Flyball, 89S) Ximena Campos to second Runner from 2nd tries for 3rd, SAFE, throw made to third
|
Batting: RHB Damian Yates
|
0-0: Called Strike 0-1: Grounds into double play, U6-3 (Groundball, 6)
|
Top of the 8th over - 0 run(s), 2 hit(s), 0 error(s), 1 left on base; Mile High 8 - Albuquerque 6 |
BOTTOM OF THE 8TH |
Albuquerque Isotopes batting - Pitching for Mile High Broncos : RHP Dave Powers
|
Now at SS: Tom Stevens
|
|
Batting: RHB Edward Young
|
0-0: Ball 1-0: Ball 2-0: Foul Ball, location: 2F 2-1: Swinging Strike 2-2: Ball 3-2: Strikes out swinging
|
Batting: LHB Mark Vestal
|
0-0: Ball 1-0: Ball 2-0: Fly out, F7 (Flyball, 7LM)
|
Batting: LHB Pedro Vega
|
0-0: Called Strike 0-1: Ground out 1-3 (Groundball, 34S)
|
Bottom of the 8th over - 0 run(s), 0 hit(s), 0 error(s), 0 left on base; Mile High 8 - Albuquerque 6 |
TOP OF THE 9TH |
Mile High Broncos batting - Pitching for Albuquerque Isotopes : RHP Jay Lloyd
|
Batting: RHB Phil White
|
0-0: Ball 1-0: Ball 2-0: Called Strike 2-1: Ball 3-1: Base on Balls
|
Batting: LHB Diego González
|
0-0: Ball 1-0: Foul Ball, location: 2F 1-1: DOUBLE (Groundball, 3L) Phil White to third
|
Batting: RHB Juan Jose Guevana
|
0-0: Called Strike 0-1: Foul Ball, location: 2F 0-2: Ball 1-2: Ball 2-2: Fly out, F9 (Flyball, 89M) Runner from 3rd tags up, SCORES, no throw
|
Batting: LHB Bill Houston
|
0-0: Ball 1-0: Ground out 4-3 (Groundball, 4) Diego González to third
|
Batting: RHB António Martínez
|
0-0: Swinging Strike 0-1: Ball 1-1: Called Strike 1-2: Ball 2-2: Ball 3-2: DOUBLE (Line Drive, 9LM) Diego González scores
|
Batting: SHB Tom Stevens
|
0-0: Foul Ball, location: 2F 0-1: Foul Ball, location: 2F 0-2: Ball 1-2: Foul Ball, location: 2F 1-2: Strikes out looking
|
Top of the 9th over - 2 run(s), 2 hit(s), 0 error(s), 1 left on base; Mile High 10 - Albuquerque 6 |
BOTTOM OF THE 9TH |
Albuquerque Isotopes batting - Pitching for Mile High Broncos : RHP Dave Powers
|
Batting: SHB José Sosa
|
0-0: Fly out, F9 (Line Drive, 9M)
|
Batting: RHB Luis Martínez
|
0-0: Ball 1-0: Swinging Strike 1-1: Swinging Strike 1-2: Foul Ball, location: 2F 1-2: DOUBLE (Flyball, 9LD) - OUT at third base trying to stretch hit.
|
Batting: RHB José Bautista
|
0-0: Called Strike 0-1: Ball 1-1: Called Strike 1-2: Ball 2-2: Ball 3-2: Strikes out swinging
|
Bottom of the 9th over - 0 run(s), 1 hit(s), 0 error(s), 0 left on base; Mile High 10 - Albuquerque 6 |
|